Map: Catalyst LE

Players

axu

  • Race: Protoss Protoss
  • League: Platinum
  • Spawn Location: 11:00

VOD

Have the link to the VOD?

Description

Time

  • Played on: Jan. 16, 2018, 12:58 p.m.
  • Length: 32:35
Show
View Real Time Build Order
Export as new Build Order

axu Protoss 

Build Orders:  

Get SALT Encoding   

  12  0:04  Probe (Chrono Boost)  
  14  0:21  Probe (Chrono Boost)  
  14  0:24  Pylon  
  14  0:39  Probe (Chrono Boost)  
  15  0:56  Probe (Chrono Boost)  
  16  1:00  Gateway  
  16  1:13  Assimilator  
  16  1:23  Probe (Chrono Boost)  
  17  1:44  Probe (Chrono Boost)  
  19  2:01  Probe (Chrono Boost)  
  19  2:18  Probe (Chrono Boost)  
  20  2:27  Cybernetics Core  
  20  2:28  Nexus  
  21  2:51  Probe (Chrono Boost)  
  21  3:00  Assimilator  
  21  3:02  Pylon  
  21  3:15  Gateway  
  21  3:18  Gateway  
  21  3:25  Probe (Chrono Boost)  
  23  3:40  Probe (Chrono Boost)  
  23  3:56  Probe  
  24  4:08  Probe  
  25  4:13  Probe  
  26  4:25  Probe  
  27  4:33  Probe  
  27  4:37  Pylon  
  28  4:42  Probe  
  28  4:49  Robotics Facility  
  29  4:50  Probe  
  29  4:52  Twilight Council  
  29  4:54  Forge  
  29  4:55  Warp Gate (Chrono Boost)  
  29  4:59  Probe  
  31  5:07  Probe  
  31  5:09  Stalker  
  34  5:16  Probe  
  35  5:24  Probe  
  36  5:33  Probe  
  37  5:41  Probe  
  37  5:43  Pylon  
  37  5:45  Protoss Ground Weapons Level 1 (Chrono Boost)  
  38  5:58  Immortal  
  42  6:05  Probe  
  42  6:06  Probe  
  44  6:22  Probe  
  44  6:23  Probe  
  46  6:30  Gateway  
  46  6:34  Gateway  
  46  6:38  Gateway  
  46  6:41  Pylon  
  46  6:42  Probe  
  46  6:43  Probe  
  46  6:48  Assimilator  
  48  6:53  Assimilator  
  48  7:23  Stalker x3  
  48  7:27  Blink  
  54  7:30  Probe x2  
  56  7:47  Probe x2  
  58  7:50  Nexus  
  58  7:54  Pylon  
  58  7:58  Immortal  
  62  8:04  Probe  
  63  8:13  Stalker  
  63  8:14  Stalker  
  63  8:16  Adept  
  69  8:20  Sentry  
  69  8:21  Sentry  
  69  8:22  Sentry  
  75  8:31  Pylon  
  75  8:35  Pylon  
  75  8:39  Pylon  
  75  8:43  Shield Battery  
  75  8:46  Probe x2  
  77  9:03  Forge, Probe x2  
  79  9:16  Gateway  
  79  9:19  Gateway  
  79  9:22  Immortal  
  79  9:25  Probe  
  84  9:35  Probe x2  
  86  9:42  Probe  
  87  9:50  Assimilator  
  87  9:57  Assimilator  
  87  10:08  Pylon  
  86  10:13  Pylon  
  86  10:15  Protoss Ground Weapons Level 2 (Chrono Boost)  
  86  10:19  Stalker x2, Protoss Ground Armor Level 1 (Chrono Boost)  
  90  10:20  Stalker  
  90  10:21  Zealot  
  90  10:24  Zealot  
  96  10:39  Pylon  
  96  10:41  Immortal  
  96  10:43  Pylon  
  96  10:49  Probe x3  
  103  11:04  Templar Archives  
  103  11:06  Probe x3  
  106  11:11  Charge  
  106  11:20  Stargate  
  106  11:23  Probe x2  
  106  11:26  Shield Battery  
  106  11:29  Shield Battery  
  108  11:32  Shield Battery  
  108  11:38  Shield Battery  
  108  11:41  Zealot x2  
  108  11:42  Shield Battery, Zealot  
  108  11:49  Observer  
  115  11:58  Probe x3  
  118  12:15  Probe x3  
  121  12:32  Probe x2  
  123  12:43  High Templar x3  
  123  12:44  High Templar x3  
  123  12:47  Nexus  
  123  12:48  Pylon  
  123  12:49  Archon x2  
  135  12:51  Pylon  
  135  12:53  Pylon  
  135  13:04  Protoss Shields Level 1 (Chrono Boost)  
  135  13:08  Gateway  
  135  13:10  Gateway  
  135  13:13  Gateway  
  135  13:15  Gateway  
  135  13:17  Gateway  
  119  13:33  Psionic Storm  
  119  13:36  High Templar x2  
  119  13:37  High Templar x4  
  131  13:43  Archon x3  
  131  14:34  Stalker x3  
  131  14:36  Zealot x2  
  131  14:37  Zealot  
  143  14:49  Warp Prism  
  145  15:46  Photon Cannon  
  145  15:54  Photon Cannon  
  145  16:09  Photon Cannon  
  145  16:13  Photon Cannon  
  145  16:17  Assimilator  
  145  16:18  Photon Cannon  
  144  16:21  Shield Battery  
  144  16:22  Protoss Ground Weapons Level 3  
  144  16:24  Assimilator, Protoss Ground Armor Level 2  
  144  16:26  Shield Battery  
  144  16:30  Shield Battery  
  144  16:47  High Templar x4  
  144  16:48  High Templar x4  
  144  16:49  High Templar x2  
  164  16:54  Zealot x2  
  164  16:55  Zealot  
  164  16:57  Archon x2  
  164  16:58  Archon x3  
  164  16:59  Archon  
  170  17:18  Fleet Beacon  
  171  17:37  Zealot  
  171  17:38  Zealot x3  
  171  17:39  Zealot x2  
  182  17:40  Zealot x3  
  150  18:46  Unknown  
  138  19:25  High Templar x4  
  138  19:26  High Templar x4  
  138  19:27  High Templar x4  
  138  19:28  High Templar  
  164  19:30  Archon  
  164  19:31  Archon x2  
  164  19:32  Archon x2  
  164  19:33  Archon  
  147  20:27  Zealot x4  
  147  20:28  Zealot x3  
  147  20:29  Zealot x2  
  161  20:30  Zealot  
  161  20:31  Zealot x3  
  169  21:23  Protoss Ground Armor Level 3  
  169  21:24  Protoss Shields Level 2  
  169  21:59  Nexus  
  169  22:04  Pylon  
  169  22:06  Pylon, High Templar x3  
  169  22:07  High Templar x3  
  169  22:08  High Templar x3  
  187  22:10  Pylon  
  187  22:13  Assimilator, Archon x4  
  187  22:17  Assimilator  
  187  24:07  Stargate  
  187  24:09  Stargate  
  187  24:55  Robotics Facility  
  187  25:03  Carrier  
  193  25:18  Protoss Shields Level 3  
  193  25:47  Graviton Catapult  
  193  26:01  Protoss Air Weapons Level 1 (Chrono Boost)  
  193  26:05  Cybernetics Core  
  193  27:23  Carrier  
  199  31:19  Nexus  
  199  31:22  Pylon  
  199  31:25  Pylon  
  199  31:29  Assimilator  
  199  31:32  Assimilator  
  199  31:39  Nexus  
  199  31:41  Pylon  
  199  31:44  Pylon  
  199  31:49  Assimilator  
  199  31:55  Assimilator  
Tags
 
League
Platinum
Matchup
Co-op
Add a new tag
Caveats
  • Supply blocks, unpowered buildings, or Contaminate may cause inaccurate times.
  • Supply counts are checked every 10 seconds.